[Event "2nd Tal Memorial IM 2019"]
[Site "Anogia"]
[Date "2019.09.11"]
[Round "1.2"]
[White "Katopodis, Dimitrios"]
[Black "Peng, Li Min"]
[Result "1/2-1/2"]
[ECO "D30"]
[WhiteElo "2265"]
[BlackElo "2465"]
[Annotator "ChessBase"]
[PlyCount "56"]
[EventDate "2019.09.11"]
[EventType "tourn"]
[EventCountry "GRE"]
[SourceTitle "playchess.com"]
[Source "ChessBase"]
[SourceQuality "1"]
[TimeControl "40/5400+30:1800+30"]

1. c4 c6 2. d4 d5 3. Qc2 Nf6 4. Bf4 e6 5. Nf3 dxc4 6. Qxc4 b5 7. Qc2 Bb7 8. Nbd2 Nbd7 9. Nb3 Rc8 10. Nc5 Nxc5 11. dxc5 Qa5+ 12. Bd2 b4 13. Rc1 Nd7 14. Be3 b3+ 15. Qd2 Qxd2+ 16. Nxd2 bxa2 17. b4 a5 18. bxa5 Bxc5 19. Bxc5 Nxc5 20. Ra1 Ba6 21. e3 Nd3+ 22. Bxd3 Bxd3 23. f3 c5 24. Kf2 c4 25. Rhc1 Ke7 26. Rc3 Bb1 27. Nxb1 axb1=Q 28. Rxb1 Rc7 1/2-1/2

[Event "2nd Tal Memorial IM 2019"]
[Site "Anogia"]
[Date "2019.09.11"]
[Round "1.3"]
[White "Lekic, Dusan"]
[Black "Sidiropoulos, Nikolaos"]
[Result "1-0"]
[ECO "D18"]
[WhiteElo "2331"]
[BlackElo "2160"]
[Annotator "NA"]
[PlyCount "93"]
[EventDate "2019.09.11"]
[EventType "tourn"]
[EventCountry "GRE"]
[SourceTitle "playchess.com"]
[Source "ChessBase"]
[SourceQuality "1"]
[TimeControl "40/5400+30:1800+30"]

1. d4 d5 2. c4 c6 3. Nf3 Nf6 4. Nc3 dxc4 5. a4 Bf5 6. e3 e6 7. Bxc4 Nbd7 8. O-O Qc7 9. Qe2 Bg4 10. e4 Be7 11. h3 Bxf3 12. Qxf3 O-O 13. Bf4 e5 14. Bg3 Bd6 15. Rfc1 exd4 16. Nb5 cxb5 17. Bxf7+ Rxf7 18. Rxc7 Bxc7 19. Bxc7 Nc5 20. Be5 Nfxe4 21. Qa3 Rd8 22. f3 Rd5 23. fxe4 Rxe5 24. Rd1 Rd7 25. axb5 b6 26. Qf3 d3 27. b4 Nxe4 28. Rxd3 Rxd3 29. Qxd3 Re7 30. Qd5+ Kf8 31. Qf5+ Kg8 32. g4 h6 33. Kg2 Nf6 34. h4 Rf7 35. Qc8+ Rf8 36. Qe6+ Kh7 37. Qe7 Rc8 38. g5 hxg5 39. hxg5 Rc2+ 40. Kf3 Rc3+ 41. Ke2 Nh5 42. Qxa7 Nf4+ 43. Kd2 Rg3 44. Qxb6 Rxg5 45. Qc6 Nd5 46. b6 Nxb4 47. Qe4+ 1-0

[Event "2nd Tal Memorial IM 2019"]
[Site "Anogia"]
[Date "2019.09.11"]
[Round "1.4"]
[White "Bogdanov, Egor"]
[Black "Vanheirzeele, Daniel"]
[Result "1-0"]
[ECO "B06"]
[WhiteElo "2422"]
[BlackElo "2105"]
[Annotator "NA"]
[PlyCount "69"]
[EventDate "2019.09.11"]
[EventType "tourn"]
[EventCountry "GRE"]
[SourceTitle "playchess.com"]
[Source "ChessBase"]
[SourceQuality "1"]
[TimeControl "40/5400+30:1800+30"]

1. e4 c5 2. c3 d5 3. exd5 Qxd5 4. d4 g6 5. Nf3 Bg7 6. Be2 cxd4 7. cxd4 Nf6 8. Nc3 Qd6 9. O-O O-O 10. Ne5 Nc6 11. Nb5 Qd8 12. Bf3 Bd7 13. Nc3 Rc8 14. Bf4 Be6 15. Nxc6 bxc6 16. Be5 Qa5 17. Qe2 Bd5 18. a3 Bxf3 19. Qxf3 c5 20. d5 Ne8 21. Bxg7 Nxg7 22. d6 exd6 23. Nd5 Qd8 24. Rfe1 Ne6 25. Qc3 Nd4 26. Ne7+ Kg7 27. Nxc8 Qxc8 28. b4 Kg8 29. bxc5 dxc5 30. Rac1 Re8 31. Qd3 Rd8 32. Qe4 Ne6 33. Red1 Re8 34. h3 Nd4 35. Rxc5 1-0

[Event "2nd Tal Memorial IM 2019"]
[Site "Anogia"]
[Date "2019.09.12"]
[Round "2.1"]
[White "Goumas, Georgios"]
[Black "Grieve, Harry"]
[Result "1/2-1/2"]
[ECO "B43"]
[WhiteElo "2417"]
[BlackElo "2277"]
[Annotator "NA"]
[PlyCount "37"]
[EventDate "2019.09.11"]
[EventType "tourn"]
[EventCountry "GRE"]
[SourceTitle "playchess.com"]
[Source "ChessBase"]
[SourceQuality "1"]
[TimeControl "40/5400+30:1800+30"]

1. e4 c5 2. Nf3 e6 3. d4 cxd4 4. Nxd4 Nc6 5. Nc3 Qc7 6. Nb3 a6 7. Bd3 b5 8. f4 Bb7 9. Be3 d6 10. O-O g6 11. Qf3 Bg7 12. Rad1 Rd8 13. Qh3 Nf6 14. f5 exf5 15. exf5 Ne5 16. Rde1 O-O 17. Bg5 Rde8 18. Bxf6 Bxf6 19. Be4 1/2-1/2

[Event "2nd Tal Memorial IM 2019"]
[Site "Anogia"]
[Date "2019.09.12"]
[Round "2.2"]
[White "Vanheirzeele, Daniel"]
[Black "Sokolovsky, Yahli"]
[Result "0-1"]
[ECO "E97"]
[WhiteElo "2105"]
[BlackElo "2239"]
[Annotator "NA RC"]
[PlyCount "160"]
[EventDate "2019.09.11"]
[EventType "tourn"]
[EventCountry "GRE"]
[SourceTitle "playchess.com"]
[Source "ChessBase"]
[SourceQuality "1"]
[TimeControl "40/5400+30:1800+30"]

1. d4 Nf6 2. Nf3 g6 3. c4 Bg7 4. Nc3 O-O 5. e4 d6 6. Be2 e5 7. O-O Nc6 8. dxe5 dxe5 9. Bg5 Nd4 10. Nxd4 exd4 11. Nd5 Re8 12. Qxd4 Nxd5 13. Qxd5 Qxd5 14. cxd5 Rxe4 15. Bf3 Ra4 16. Rac1 Be5 17. Rfe1 f6 18. Rxe5 fxe5 19. a3 Bg4 20. Rxc7 Rc8 21. Rxb7 Rac4 22. h4 Bxf3 23. gxf3 R4c7 24. Rb3 Rd7 25. Rd3 Rc5 26. d6 Kf7 27. b4 Rc4 28. Be7 Ke6 29. Kf1 Rc2 30. Re3 Kd5 31. Rd3+ Kc4 32. Re3 Kd5 33. Rd3+ Ke6 34. Re3 Kf5 35. Kg2 Rb7 36. Rd3 Ke6 37. Re3 Rc4 38. Kg3 Rb5 39. Rd3 Kd7 40. Kg2 Rc1 41. Bg5 Rc6 42. Be3 Rxd6 43. Rxd6+ Kxd6 44. Bxa7 Rb7 45. Bc5+ Kc6 46. a4 Rg7 47. Be3 Kd5 48. a5 Kc4 49. Bc5 Kb5 50. Kg3 g5 51. h5 Rf7 52. Be3 Kxb4 53. a6 h6 54. a7 Rf8 55. Bb6 Ra8 56. Kg4 Kb5 57. Be3 Rf8 58. Kg3 Kc6 59. Kg4 Kd5 60. Bb6 Rf4+ 61. Kg3 Ra4 62. Be3 Ke6 63. Bb6 Kd5 64. Be3 Kc6 65. Kg2 Kb7 66. Kg3 Rc4 67. Kg2 Rh4 68. Kg3 Ka8 69. Bc5 Rxh5 70. Bd6 Kxa7 71. Bxe5 Rh1 72. Kg4 Kb7 73. f4 gxf4 74. Bxf4 Kc6 75. Bg3 Kd5 76. Kf5 Kc6 77. Kg4 Kd7 78. Kf5 Ke7 79. Kg4 Kf7 80. f4 Rg1 0-1

[Event "2nd Tal Memorial IM 2019"]
[Site "Anogia"]
[Date "2019.09.12"]
[Round "2.3"]
[White "Sidiropoulos, Nikolaos"]
[Black "Bogdanov, Egor"]
[Result "1/2-1/2"]
[ECO "E76"]
[WhiteElo "2160"]
[BlackElo "2422"]
[Annotator "NA"]
[PlyCount "97"]
[EventDate "2019.09.11"]
[EventType "tourn"]
[EventCountry "GRE"]
[SourceTitle "playchess.com"]
[Source "ChessBase"]
[SourceQuality "1"]
[TimeControl "40/5400+30:1800+30"]

1. d4 Nf6 2. c4 g6 3. Nc3 Bg7 4. e4 d6 5. f4 O-O 6. Nf3 c5 7. d5 e6 8. dxe6 fxe6 9. Bd3 Nc6 10. O-O Nd4 11. Nxd4 cxd4 12. Nb5 a6 13. Nxd4 Qb6 14. Be3 Ng4 15. Qxg4 Bxd4 16. Bf2 e5 17. f5 Qxb2 18. Rab1 Bxf2+ 19. Rxf2 Qd4 20. Qg3 Rf6 21. fxg6 hxg6 22. Rbf1 Be6 23. Kh1 Rxf2 24. Rxf2 Kg7 25. Qf3 Kh7 26. h4 Bxc4 27. Bxc4 Qxc4 28. Qf7+ Qxf7 29. Rxf7+ Kh6 30. Rxb7 Kh5 31. Rd7 Kxh4 32. Rxd6 g5 33. Kh2 Kg4 34. Rf6 Rc8 35. Rxa6 Rc4 36. a4 Rxe4 37. Ra8 Rc4 38. a5 Rc6 39. a6 Rh6+ 40. Kg1 Kg3 41. Rg8 Rxa6 42. Rxg5+ Kf4 43. Rh5 e4 44. Rh3 e3 45. Kf1 Ra1+ 46. Ke2 Ra2+ 47. Ke1 Ke4 48. Rh8 Rxg2 49. Re8+ 1/2-1/2

[Event "2nd Tal Memorial IM 2019"]
[Site "Anogia"]
[Date "2019.09.12"]
[Round "2.4"]
[White "Peng, Li Min"]
[Black "Lekic, Dusan"]
[Result "1/2-1/2"]
[ECO "D14"]
[WhiteElo "2465"]
[BlackElo "2331"]
[Annotator "ChessBase"]
[PlyCount "26"]
[EventDate "2019.09.11"]
[EventType "tourn"]
[EventCountry "GRE"]
[SourceTitle "playchess.com"]
[Source "ChessBase"]
[SourceQuality "1"]
[TimeControl "40/5400+30:1800+30"]

1. d4 d5 2. c4 c6 3. cxd5 cxd5 4. Nc3 Nf6 5. Nf3 Nc6 6. Bf4 Bf5 7. e3 e6 8. Bd3 Bxd3 9. Qxd3 Bd6 10. Bxd6 Qxd6 11. O-O O-O 12. a3 Rfc8 13. Rfc1 a6 1/2-1/2

[Event "2nd Tal Memorial IM 2019"]
[Site "Anogia"]
[Date "2019.09.12"]
[Round "2.5"]
[White "Logothetis, Sotirios"]
[Black "Katopodis, Dimitrios"]
[Result "0-1"]
[ECO "A41"]
[WhiteElo "2167"]
[BlackElo "2265"]
[Annotator "NA"]
[PlyCount "74"]
[EventDate "2019.09.11"]
[EventType "tourn"]
[EventCountry "GRE"]
[SourceTitle "playchess.com"]
[Source "ChessBase"]
[SourceQuality "1"]
[TimeControl "40/5400+30:1800+30"]

1. d4 d6 2. Nf3 Bg4 3. c4 Bxf3 4. exf3 e6 5. d5 Nd7 6. Nc3 e5 7. Be2 g6 8. f4 Bg7 9. O-O Ne7 10. fxe5 Nxe5 11. Bf4 O-O 12. Qd2 Nf5 13. Kh1 a6 14. h3 Qh4 15. Ne4 Nd4 16. Bxe5 Bxe5 17. Bd3 f5 18. Qg5 Qxg5 19. Nxg5 Bf4 20. Nf3 Nxf3 21. gxf3 Rfe8 22. Rfe1 Kf7 23. Kg2 Kf6 24. Rxe8 Rxe8 25. Kf1 Kg5 26. Re1 Rxe1+ 27. Kxe1 Be5 28. b3 Kf4 29. Ke2 Bc3 30. Bc2 Bb4 31. a4 Bc5 32. Bd3 Ke5 33. Bc2 Kd4 34. Kd2 Bb4+ 35. Ke2 Kc3 36. Bd1 f4 37. Ke1 Kd3+ 0-1

[Event "2nd Tal Memorial IM 2019"]
[Site "Anogia"]
[Date "2019.09.13"]
[Round "3.1"]
[White "Katopodis, Dimitrios"]
[Black "Goumas, Georgios"]
[Result "1/2-1/2"]
[ECO "D30"]
[WhiteElo "2265"]
[BlackElo "2417"]
[Annotator "NA"]
[PlyCount "28"]
[EventDate "2019.09.11"]
[EventType "tourn"]
[EventCountry "GRE"]
[SourceTitle "playchess.com"]
[Source "ChessBase"]
[SourceQuality "1"]
[TimeControl "40/5400+30:1800+30"]

1. d4 Nf6 2. c4 e6 3. Nf3 d5 4. g3 Bb4+ 5. Bd2 Bd6 6. Bg2 c6 7. Qc2 O-O 8. O-O Nbd7 9. Rd1 Ne4 10. Bf4 Bxf4 11. gxf4 Qe7 12. Ne5 f5 13. f3 Nxe5 14. fxe5 Ng5 1/2-1/2

[Event "2nd Tal Memorial IM 2019"]
[Site "Anogia"]
[Date "2019.09.13"]
[Round "3.2"]
[White "Lekic, Dusan"]
[Black "Logothetis, Sotirios"]
[Result "1/2-1/2"]
[ECO "C95"]
[WhiteElo "2331"]
[BlackElo "2167"]
[Annotator "NA"]
[PlyCount "43"]
[EventDate "2019.09.11"]
[EventType "tourn"]
[EventCountry "GRE"]
[SourceTitle "playchess.com"]
[Source "ChessBase"]
[SourceQuality "1"]
[TimeControl "40/5400+30:1800+30"]

1. e4 e5 2. Nf3 Nc6 3. Bb5 a6 4. Ba4 Nf6 5. O-O Be7 6. Re1 b5 7. Bb3 d6 8. c3 O-O 9. h3 Nb8 10. d4 Nbd7 11. Nbd2 Bb7 12. Bc2 Re8 13. Nf1 Bf8 14. Ng3 g6 15. a4 c5 16. d5 c4 17. Bg5 h6 18. Be3 Nc5 19. Qd2 h5 20. Bxc5 dxc5 21. Reb1 Qc7 22. Bd1 1/2-1/2

[Event "2nd Tal Memorial IM 2019"]
[Site "Anogia"]
[Date "2019.09.13"]
[Round "3.3"]
[White "Bogdanov, Egor"]
[Black "Peng, Li Min"]
[Result "0-1"]
[ECO "B03"]
[WhiteElo "2422"]
[BlackElo "2465"]
[Annotator "ChessBase"]
[PlyCount "66"]
[EventDate "2019.09.11"]
[EventType "tourn"]
[EventCountry "GRE"]
[SourceTitle "playchess.com"]
[Source "ChessBase"]
[SourceQuality "1"]
[TimeControl "40/5400+30:1800+30"]

1. e4 Nf6 2. e5 Nd5 3. d4 d6 4. f4 dxe5 5. fxe5 c5 6. Nf3 cxd4 7. Qxd4 Nc6 8. Qe4 g6 9. Bc4 Nb6 10. Bb3 Bf5 11. Qf4 Bg7 12. O-O O-O 13. Nc3 Nd7 14. e6 Bxe6 15. Bxe6 fxe6 16. Qe4 Nde5 17. Be3 Nxf3+ 18. Rxf3 Rxf3 19. gxf3 Kf7 20. Rd1 Qa5 21. Rd7 Bxc3 22. bxc3 Rb8 23. Bf4 Rd8 24. Rxb7 Rd1+ 25. Kg2 Qa6 26. Rc7 Qf1+ 27. Kg3 Qg1+ 28. Kh3 Rd5 29. Bg3 Rh5+ 30. Kg4 Ne5+ 31. Kf4 Rf5+ 32. Qxf5+ gxf5 33. Kxe5 Qe3# {[%emt 0:00:06] Kd4} 0-1

[Event "2nd Tal Memorial IM 2019"]
[Site "Anogia"]
[Date "2019.09.13"]
[Round "3.4"]
[White "Sokolovsky, Yahli"]
[Black "Sidiropoulos, Nikolaos"]
[Result "1/2-1/2"]
[ECO "B18"]
[WhiteElo "2239"]
[BlackElo "2160"]
[Annotator "NA"]
[PlyCount "107"]
[EventDate "2019.09.11"]
[EventType "tourn"]
[EventCountry "GRE"]
[SourceTitle "playchess.com"]
[Source "ChessBase"]
[SourceQuality "1"]
[TimeControl "40/5400+30:1800+30"]

1. e4 c6 2. d4 d5 3. Nc3 dxe4 4. Nxe4 Bf5 5. Qf3 Bg6 6. Qe3 e6 7. Nf3 Nd7 8. Bd3 Ngf6 9. c3 Nxe4 10. Bxe4 Bxe4 11. Qxe4 Nf6 12. Qe2 Qd5 13. Bf4 Qe4 14. Qxe4 Nxe4 15. O-O Be7 16. Rfe1 Nf6 17. Nd2 O-O 18. Nc4 Rfd8 19. Rad1 Rac8 20. Bg3 b6 21. a4 c5 22. dxc5 Bxc5 23. Nd6 Bxd6 24. Bxd6 Rd7 25. Rd4 Rcd8 26. Red1 Ne4 27. Be5 Nc5 28. Rxd7 Rxd7 29. Rxd7 Nxd7 30. Bd6 e5 31. f4 exf4 32. Bxf4 Nc5 33. a5 bxa5 34. Bd6 Nd3 35. Ba3 f5 36. Kf1 Kf7 37. Ke2 Nf4+ 38. Kf3 Nd5 39. Bc5 a6 40. c4 Nb4 41. h4 Ke6 42. Bd4 g6 43. Kf4 Nd3+ 44. Kg5 Ne1 45. Kh6 Nxg2 46. Bf2 Kd6 47. Kxh7 Nxh4 48. Bxh4 Kc5 49. b3 a4 50. Bf2+ Kb4 51. Be1+ Kc5 52. Bf2+ Kb4 53. Be1+ Kc5 54. Bf2+ 1/2-1/2

[Event "2nd Tal Memorial IM 2019"]
[Site "Anogia"]
[Date "2019.09.13"]
[Round "3.5"]
[White "Grieve, Harry"]
[Black "Vanheirzeele, Daniel"]
[Result "1-0"]
[ECO "B56"]
[WhiteElo "2277"]
[BlackElo "2105"]
[Annotator "NA"]
[PlyCount "37"]
[EventDate "2019.09.11"]
[EventType "tourn"]
[EventCountry "GRE"]
[SourceTitle "playchess.com"]
[Source "ChessBase"]
[SourceQuality "1"]
[TimeControl "40/5400+30:1800+30"]

1. e4 c5 2. Nf3 d6 3. d4 cxd4 4. Nxd4 Nf6 5. Nc3 Nc6 6. f3 Nxd4 7. Qxd4 g6 8. Bg5 Bg7 9. O-O-O O-O 10. Qb4 a5 11. Qa3 Bd7 12. e5 dxe5 13. Bxf6 exf6 14. Bb5 f5 15. h4 Qb6 16. Bxd7 Qf2 17. h5 Qxg2 18. Nd5 Qg5+ 19. f4 1-0

[Event "2nd Tal Memorial IM 2019"]
[Site "Anogia"]
[Date "2019.09.14"]
[Round "4.1"]
[White "Goumas, Georgios"]
[Black "Vanheirzeele, Daniel"]
[Result "1-0"]
[ECO "B45"]
[WhiteElo "2417"]
[BlackElo "2105"]
[Annotator "NA"]
[PlyCount "65"]
[EventDate "2019.09.11"]
[EventType "tourn"]
[EventCountry "GRE"]
[SourceTitle "playchess.com"]
[Source "ChessBase"]
[SourceQuality "1"]
[TimeControl "40/5400+30:1800+30"]

1. e4 c5 2. Nf3 e6 3. d4 cxd4 4. Nxd4 Nf6 5. Nc3 Nc6 6. a3 d5 7. Bb5 Bd7 8. exd5 exd5 9. O-O Be7 10. Nce2 O-O 11. c3 Ne5 12. Bxd7 Qxd7 13. Qc2 Rfe8 14. Bf4 Ng6 15. Bg3 Ne4 16. Rad1 Bf6 17. h3 Rac8 18. Bh2 b5 19. Ng3 Nxg3 20. Bxg3 Re4 21. Nf3 Qb7 22. Qd3 Rd8 23. Rd2 h6 24. Rfd1 a5 25. Qc2 b4 26. cxb4 axb4 27. Qb3 Rc4 28. a4 Nf8 29. Be5 Be7 30. Nd4 Nd7 31. Bxg7 Kxg7 32. Nf5+ Kh7 33. Rxd5 1-0

[Event "2nd Tal Memorial IM 2019"]
[Site "Anogia"]
[Date "2019.09.14"]
[Round "4.2"]
[White "Sidiropoulos, Nikolaos"]
[Black "Grieve, Harry"]
[Result "1-0"]
[ECO "D31"]
[WhiteElo "2160"]
[BlackElo "2277"]
[Annotator "NA"]
[PlyCount "133"]
[EventDate "2019.09.11"]
[EventType "tourn"]
[EventCountry "GRE"]
[SourceTitle "playchess.com"]
[Source "ChessBase"]
[SourceQuality "1"]
[TimeControl "40/5400+30:1800+30"]

1. d4 d5 2. c4 e6 3. Nc3 c6 4. cxd5 exd5 5. Bf4 Bd6 6. Bxd6 Qxd6 7. e3 Ne7 8. Bd3 Bf5 9. Nge2 O-O 10. O-O Nd7 11. Bxf5 Nxf5 12. Qd3 Ne7 13. f3 f5 14. Kh1 Rae8 15. f4 Qh6 16. Ng1 Nc8 17. Nf3 Nd6 18. Ne5 Nf6 19. Kg1 Ng4 20. h3 Nf6 21. Qe2 Kh8 22. Qf3 Rg8 23. g4 g5 24. Rf2 Re7 25. Rg2 Reg7 26. Rf1 Qh4 27. Qf2 Qh6 28. fxg5 Rxg5 29. h4 Rxg4 30. Nxg4 Nxg4 31. Qf4 Qe6 32. Nd1 Re8 33. Rf3 h6 34. Nf2 Nxf2 35. Rgxf2 Ne4 36. Rg2 Rf8 37. Qc7 Rg8 38. Rxg8+ Qxg8+ 39. Kh2 Qg4 40. Qe5+ Kg8 41. Qb8+ Kf7 42. Qxb7+ Ke6 43. Qc8+ Kf6 44. Qxc6+ Kg7 45. Qd7+ Kf6 46. Qd8+ Kg7 47. Qe7+ Kg6 48. Qe6+ Kg7 49. Qe5+ Kg6 50. Qf4 Qh5 51. b4 Nf6 52. Rg3+ Ng4+ 53. Kh3 Kh7 54. Qc7+ Kh8 55. Qb8+ Kh7 56. Qxa7+ Kh8 57. Qa8+ Kh7 58. Qxd5 Nf2+ 59. Kg2 Ng4 60. Qe6 Kh8 61. Qe7 Qg6 62. d5 f4 63. Qd8+ Kh7 64. Qd7+ Kh8 65. Rxg4 Qe4+ 66. Kh2 Qc2+ 67. Rg2 1-0

[Event "2nd Tal Memorial IM 2019"]
[Site "Anogia"]
[Date "2019.09.14"]
[Round "4.3"]
[White "Peng, Li Min"]
[Black "Sokolovsky, Yahli"]
[Result "1-0"]
[ECO "A49"]
[WhiteElo "2465"]
[BlackElo "2239"]
[Annotator "ChessBase"]
[PlyCount "65"]
[EventDate "2019.09.11"]
[EventType "tourn"]
[EventCountry "GRE"]
[SourceTitle "playchess.com"]
[Source "ChessBase"]
[SourceQuality "1"]
[TimeControl "40/5400+30:1800+30"]

1. Nf3 Nf6 2. c4 g6 3. b3 Bg7 4. Bb2 O-O 5. g3 d6 6. d4 e5 7. dxe5 Ng4 8. Nc3 Nxe5 9. Bg2 Nxf3+ 10. Bxf3 Nc6 11. O-O Bh3 12. Re1 Rb8 13. Qd2 Ne5 14. Bh1 Be6 15. f4 Ng4 16. e4 c6 17. Bf3 h5 18. Kg2 Qd7 19. Rad1 Rbd8 20. h3 Nh6 21. f5 gxf5 22. Nd5 Bxb2 23. Qxh6 cxd5 24. exd5 Rde8 25. Qxh5 Be5 26. dxe6 Qxe6 27. Bd5 Qf6 28. Rf1 Qg7 29. Rxf5 Qxg3+ 30. Kf1 Bf4 31. Rxf7 Re1+ 32. Rxe1 Qd3+ 33. Re2 1-0

[Event "2nd Tal Memorial IM 2019"]
[Site "Anogia"]
[Date "2019.09.14"]
[Round "4.4"]
[White "Logothetis, Sotirios"]
[Black "Bogdanov, Egor"]
[Result "0-1"]
[ECO "E62"]
[WhiteElo "2167"]
[BlackElo "2422"]
[Annotator "NA"]
[PlyCount "62"]
[EventDate "2019.09.11"]
[EventType "tourn"]
[EventCountry "GRE"]
[SourceTitle "playchess.com"]
[Source "ChessBase"]
[SourceQuality "1"]
[TimeControl "40/5400+30:1800+30"]

1. d4 Nf6 2. Nf3 g6 3. c4 Bg7 4. g3 O-O 5. Bg2 d6 6. Nc3 Nc6 7. O-O Bf5 8. Bg5 Ne4 9. Nxe4 Bxe4 10. d5 Bxf3 11. exf3 Nd4 12. Re1 Re8 13. Re4 c5 14. dxc6 Nxc6 15. h4 Qa5 16. Qd2 Qxd2 17. Bxd2 Bxb2 18. Rb1 Bf6 19. Rxb7 Rab8 20. Rc7 Rec8 21. Rxc8+ Rxc8 22. f4 Nd4 23. Be3 Ne2+ 24. Kf1 Nc3 25. Bxa7 Nxe4 26. Bxe4 Rxc4 27. Bd5 Rc2 28. Bb3 Rb2 29. Be3 e6 30. Ke1 d5 31. Bc1 Bc3+ 0-1

[Event "2nd Tal Memorial IM 2019"]
[Site "Anogia"]
[Date "2019.09.14"]
[Round "4.5"]
[White "Katopodis, Dimitrios"]
[Black "Lekic, Dusan"]
[Result "1/2-1/2"]
[ECO "A20"]
[WhiteElo "2265"]
[BlackElo "2331"]
[Annotator "NA"]
[PlyCount "105"]
[EventDate "2019.09.11"]
[EventType "tourn"]
[EventCountry "GRE"]
[SourceTitle "playchess.com"]
[Source "ChessBase"]
[SourceQuality "1"]
[TimeControl "40/5400+30:1800+30"]

1. c4 e5 2. g3 Nf6 3. Bg2 d5 4. cxd5 Nxd5 5. Nf3 Nc6 6. O-O Be7 7. d4 e4 8. Ne5 f5 9. Nxc6 bxc6 10. Qa4 Qd6 11. Nd2 Nb6 12. Qc2 a5 13. Nb3 a4 14. Nc5 Qxd4 15. Be3 Qc4 16. Qxc4 Nxc4 17. Bd4 O-O 18. Rac1 Nb6 19. f3 Rd8 20. Rfd1 Bg5 21. e3 Nd5 22. Kf2 exf3 23. Bxf3 Ra5 24. Nd3 Bd7 25. Nf4 Nxf4 26. exf4 Be7 27. Be5 Be6 28. Rxc6 Rxd1 29. Bxd1 Bxa2 30. Rxc7 Bf6 31. Bh5 Ra8 32. Bf3 Bxe5 33. fxe5 Rb8 34. Bb7 Re8 35. Rc8 Rxc8 36. Bxc8 g6 37. Ke3 Kf7 38. Kf4 h6 39. h4 Bb1 40. Bd7 Bc2 41. Bb5 Ke6 42. Bc4+ Ke7 43. Bd5 Bb1 44. Bg8 Be4 45. g4 Bc2 46. g5 hxg5+ 47. Kxg5 Bb3 48. Bh7 Bf7 49. h5 gxh5 50. Bxf5 Be6 51. Bc2 Bb3 52. Bf5 Bd1 53. Kh4 1/2-1/2

[Event "2nd Tal Memorial IM 2019"]
[Site "Anogia"]
[Date "2019.09.15"]
[Round "5.2"]
[White "Bogdanov, Egor"]
[Black "Katopodis, Dimitrios"]
[Result "1/2-1/2"]
[ECO "C47"]
[WhiteElo "2422"]
[BlackElo "2265"]
[Annotator "NA"]
[PlyCount "80"]
[EventDate "2019.09.11"]
[EventType "tourn"]
[EventCountry "GRE"]
[SourceTitle "playchess.com"]
[Source "ChessBase"]
[SourceQuality "1"]
[TimeControl "40/5400+30:1800+30"]

1. e4 e5 2. Nf3 Nc6 3. Nc3 Nf6 4. d4 exd4 5. Nxd4 Bc5 6. Nxc6 bxc6 7. Bd3 O-O 8. O-O Re8 9. Qf3 d6 10. Bg5 Bd4 11. Qg3 Nh5 12. Qh4 Bf6 13. Bxf6 Nxf6 14. f4 Nd7 15. Qxd8 Rxd8 16. Rae1 Rb8 17. b3 Nc5 18. Bc4 Re8 19. a3 a5 20. h3 Bd7 21. Re2 Kf8 22. Rd1 Re7 23. e5 dxe5 24. fxe5 Bf5 25. Rf1 Bg6 26. e6 Rd8 27. b4 axb4 28. axb4 Rd4 29. exf7 Rxe2 30. Bxe2 Rxb4 31. Ra1 Bxc2 32. Ra7 Rb7 33. Ra5 Ne4 34. Bc4 Rb8 35. Nxe4 Bxe4 36. Ra7 Bd5 37. Bxd5 cxd5 38. Rxc7 d4 39. Rd7 d3 40. Rxd3 Kxf7 1/2-1/2

[Event "2nd Tal Memorial IM 2019"]
[Site "Anogia"]
[Date "2019.09.15"]
[Round "5.3"]
[White "Sokolovsky, Yahli"]
[Black "Logothetis, Sotirios"]
[Result "1/2-1/2"]
[ECO "B18"]
[WhiteElo "2239"]
[BlackElo "2167"]
[Annotator "NA"]
[PlyCount "73"]
[EventDate "2019.09.11"]
[EventType "tourn"]
[EventCountry "GRE"]
[SourceTitle "playchess.com"]
[Source "ChessBase"]
[SourceQuality "1"]
[TimeControl "40/5400+30:1800+30"]

1. e4 c6 2. d4 d5 3. Nc3 dxe4 4. Nxe4 Bf5 5. Ng3 Bg6 6. N1e2 Nd7 7. Nf4 e5 8. Nxg6 hxg6 9. dxe5 Qa5+ 10. Bd2 Qxe5+ 11. Qe2 Qxe2+ 12. Bxe2 Ngf6 13. O-O O-O-O 14. Rad1 Bd6 15. Rfe1 Rhe8 16. Be3 Bc5 17. Bxc5 Nxc5 18. Bc4 Rxd1 19. Rxd1 Re7 20. f3 b5 21. Bb3 a5 22. c3 Nxb3 23. axb3 Kc7 24. Kf2 Re8 25. Ne2 Nd7 26. Nd4 Nc5 27. g4 a4 28. b4 Ne6 29. Re1 Kd7 30. Rd1 Nxd4 31. Rxd4+ Kc7 32. h4 f6 33. Rd2 Ra8 34. Re2 Kd7 35. Rd2+ Kc7 36. Re2 Kd7 37. Rd2+ 1/2-1/2

[Event "2nd Tal Memorial IM 2019"]
[Site "Anogia"]
[Date "2019.09.15"]
[Round "5.4"]
[White "Grieve, Harry"]
[Black "Peng, Li Min"]
[Result "0-1"]
[ECO "C09"]
[WhiteElo "2277"]
[BlackElo "2465"]
[Annotator "ChessBase"]
[PlyCount "74"]
[EventDate "2019.09.11"]
[EventType "tourn"]
[EventCountry "GRE"]
[SourceTitle "playchess.com"]
[Source "ChessBase"]
[SourceQuality "1"]
[TimeControl "40/5400+30:1800+30"]

1. e4 e6 2. d4 d5 3. Nd2 c5 4. exd5 exd5 5. Ngf3 Nc6 6. Bb5 Qe7+ 7. Qe2 Qxe2+ 8. Kxe2 a6 9. Bxc6+ bxc6 10. dxc5 Bxc5 11. Nb3 Bd6 12. Be3 a5 13. a4 Ne7 14. Bb6 Ba6+ 15. Kd2 Kd7 16. Nc5+ Kc8 17. b4 axb4 18. Rhb1 d4 19. Nxa6 Rxa6 20. Bxd4 c5 21. Be3 Nd5 22. Kd3 Kb7 23. Kc4 Nc3 24. Re1 Nxa4 25. Kb3 Rha8 26. Nd2 Be5 27. Rxa4 Rxa4 28. Nc4 Ra3+ 29. Nxa3 Rxa3+ 30. Kc4 Kc6 31. Bd2 Bc3 32. Kd3 c4+ 33. Ke2 Bxd2 34. Kxd2 Ra2 35. Re8 b3 36. Rc8+ Kd5 37. Rd8+ Ke5 0-1

[Event "2nd Tal Memorial IM 2019"]
[Site "Anogia"]
[Date "2019.09.16"]
[Round "6.1"]
[White "Goumas, Georgios"]
[Black "Sidiropoulos, Nikolaos"]
[Result "1-0"]
[ECO "B11"]
[WhiteElo "2417"]
[BlackElo "2160"]
[Annotator "ChessBase"]
[PlyCount "67"]
[EventDate "2019.09.11"]
[EventType "tourn"]
[EventCountry "GRE"]
[SourceTitle "playchess.com"]
[Source "ChessBase"]
[SourceQuality "1"]
[TimeControl "40/5400+30:1800+30"]

1. e4 c6 2. Nf3 d5 3. Nc3 Nf6 4. e5 Ne4 5. Ne2 Qb6 6. d4 e6 7. Ng3 c5 8. Bd3 Nxg3 9. fxg3 Nc6 10. O-O h6 11. Kh1 Bd7 12. dxc5 Bxc5 13. a3 Be3 14. b4 Bxc1 15. Rxc1 Ne7 16. Qe2 a6 17. c3 g6 18. g4 Rc8 19. Qd2 Bb5 20. Bxb5+ axb5 21. Nd4 Nc6 22. Qf4 Nd8 23. Rf3 Rh7 24. Rcf1 Rc4 25. Qf6 Rxd4 26. cxd4 Qxd4 27. a4 h5 28. g5 h4 29. h3 Qxb4 30. axb5 Qxb5 31. Ra3 Qc5 32. Ra8 Qe7 33. Qf4 Rh8 34. Rc1 1-0

[Event "2nd Tal Memorial IM 2019"]
[Site "Anogia"]
[Date "2019.09.16"]
[Round "6.3"]
[White "Logothetis, Sotirios"]
[Black "Grieve, Harry"]
[Result "0-1"]
[ECO "A85"]
[WhiteElo "2167"]
[BlackElo "2277"]
[Annotator "ChessBase"]
[PlyCount "76"]
[EventDate "2019.09.11"]
[EventType "tourn"]
[EventCountry "GRE"]
[SourceTitle "playchess.com"]
[Source "ChessBase"]
[SourceQuality "1"]
[TimeControl "40/5400+30:1800+30"]

1. d4 d5 2. c4 e6 3. Nc3 c6 4. e3 f5 5. Nf3 Nf6 6. Be2 Bd6 7. Ne5 O-O 8. O-O b6 9. Bd2 Bb7 10. cxd5 exd5 11. f4 c5 12. Be1 Ne4 13. Nxe4 fxe4 14. Bc3 Nc6 15. Nxc6 Bxc6 16. g4 c4 17. b3 b5 18. bxc4 bxc4 19. g5 Bd7 20. Bg4 Qc8 21. h3 Rb8 22. Bxd7 Qxd7 23. Qg4 Qxg4+ 24. hxg4 Rb6 25. Rac1 Rfb8 26. Rf2 Ra6 27. Rfc2 Ra3 28. Kf2 Rb6 29. Ke2 Be7 30. Kf2 Rba6 31. Ra1 Kf7 32. Ke2 h6 33. gxh6 Rxh6 34. Rf1 Rh4 35. g5 Kg6 36. Kd1 Rh3 37. Re1 a5 38. Kc1 Rxc3 0-1